 Dungeon Crawl Stone Soup version 0.24-a0-335-g06ca16a (webtiles) character file.

Game seed: 2006250354183337535

31805 MisterFreud the Nimble (level 13, -1/83 HPs)
             Began as an Octopode Transmuter on May 19, 2019.
             Was the Champion of Cheibriados.
             Slain by a troll (8 damage)
             ... led by an orc warlord
             ... on level 2 of the Orcish Mines.
             The game lasted 00:52:09 (19309 turns).

MisterFreud the Nimble (Octopode Transmuter)       Turns: 19309, Time: 00:52:09

Health: -1/83      AC:  1    Str: 26    XL:     13   Next: 60%
Magic:  19/34      EV: 25    Int: 36    God:    Cheibriados [******]
Gold:   988        SH:  0    Dex: 31    Spells: 9/28 levels left

rFire    . . .     SeeInvis +     - Unarmed
rCold    + . .     Gourm    .   (shield currently unavailable)
rNeg     . . .     Faith    .   (helmet restricted)
rPois    .         Spirit   .   (no amulet)
rElec    .         Reflect  .   x - ring of magical power
rCorr    +         Harm     .   v - ring of protection from magic
MR       ++...                  u - ring of ice
Stlth    +++.......             X - ring of Scepticism {rF+ MR+ Int+2 SInv}
HPRegen  0.23/turn              F - ring of resist corrosion
MPRegen  0.24/turn              J - +4 ring of dexterity
                                (no ring)
                                (no ring)

@: blade tentacles, very slow
A: almost no armour, stealthy swim, amphibious, 8 rings, constrict 8, camouflage
1, gelatinous body 1
a: End Transformation, Bend Time, Temporal Distortion, Slouch, Step From Time,
Renounce Religion


You were on level 2 of the Orcish Mines.
You worshipped Cheibriados.
Cheibriados was exalted by your worship.
You were hungry.
You had blades for tentacles.
You visited 4 branches of the dungeon, and saw 19 of its levels.

You collected 1570 gold pieces.
You spent 582 gold pieces at shops.

Inventory:

Hand Weapons
 m - a +2 hunting sling of freezing
Missiles
 a - 281 arrows
 b - 66 bolts
 e - 473 stones (quivered)
 g - 97 poisoned darts
 j - 11 atropa-tipped darts
 k - 62 boomerangs
 o - 81 sling bullets
 s - 13 curare-tipped darts
 B - 2 boomerangs of dispersal
 W - 7 datura-tipped darts
Armour
 Q - a cursed +0 buckler (melded)
Magical Staves
 p - an uncursed staff of poison {unknown}
 y - an uncursed staff of conjuration
 S - an uncursed staff of air {unknown}
Jewellery
 t - an uncursed ring of fire
 u - a ring of ice (on tentacle)
 v - a ring of protection from magic (right scythe-like blade)
 x - a ring of magical power (left scythe-like blade)
 F - a ring of resist corrosion (on tentacle)
 J - a +4 ring of dexterity (on tentacle)
 M - an uncursed ring of ice
 X - the ring of Scepticism (on tentacle) {rF+ MR+ Int+2 SInv}
   (You found it on level 11 of the Dungeon)

   [ring of see invisible]

   It affects your intelligence (+2).
   It protects you from fire.
   It affects your resistance to hostile enchantments.
   It lets you see invisible.
Wands
 q - a wand of scattershot (7)
 r - a wand of acid (6)
 C - a wand of clouds (5)
 L - a wand of paralysis (16)
 R - a wand of polymorph (6)
Scrolls
 d - 2 scrolls of magic mapping
 f - 4 scrolls of fog
 i - 4 scrolls of amnesia
 l - 6 scrolls of remove curse
 D - 2 scrolls of fear
 I - 3 scrolls of teleportation
 N - 3 scrolls of enchant weapon
 P - 2 scrolls of enchant armour
 T - a scroll of identify
 V - 2 scrolls of summoning
 Y - 2 scrolls of brand weapon {unknown}
Potions
 h - a potion of brilliance
 n - 6 potions of flight
 w - a potion of magic
 z - 6 potions of lignification
 A - 5 potions of agility
 E - 7 potions of curing
 G - 6 potions of heal wounds
 K - 2 potions of invisibility
 O - 2 potions of mutation
Miscellaneous
 U - a box of beasts
Comestibles
 c - 25 rations
 H - 6 chunks of flesh


   Skills:
 + Level 6.0 Fighting
 - Level 10.0 Dodging
 - Level 4.0 Shields
 - Level 10.0 Unarmed Combat
 - Level 8.1 Spellcasting
 - Level 10.0 Transmutations
 - Level 10.0 Earth Magic
 - Level 6.0 Invocations


You had 9 spell levels left.
You knew the following spells:

 Your Spells              Type           Power        Failure   Level  Hunger
a - Beastly Appendage     Tmut           ######       5%          1    None
b - Sticks to Snakes      Tmut           ######..     6%          2    None
c - Spider Form           Tmut/Pois      ######....   16%         3    None
d - Blade Hands           Tmut           ######....   17%         5    ###....
e - Passwall              Tmut/Erth      ######..     6%          2    None
f - Iron Shot             Conj/Erth      ######....   87%         6    #####..

Your spell library contained the following spells:

 Spells                   Type           Power        Failure   Level  Hunger
 Petrify                  Tmut/Erth      ######..     12%         4    None
 Magic Dart               Conj           ##..         24%         1    None
 Ice Form                 Ice/Tmut       ######..     28%         4    None
 Searing Ray              Conj           ##....       30%         2    None
 Dazzling Spray           Conj/Hex       ##....       43%         3    None
 Recall                   Summ/Tloc      N/A          43%         3    None
 Bolt of Magma            Conj/Fire/Erth #####.....   63%         5    ###....
 Force Lance              Conj/Tloc      ##......     71%         4    None
 Fulminant Prism          Conj/Hex       ##........   71%         4    None
 Iskenderun's Mystic Bla  Conj           ##......     71%         4    None
 Summon Ice Beast         Ice/Summ       ###.....     71%         4    None
 Iskenderun's Battlesphe  Conj/Chrm      ##......     92%         5    ###....
 Venom Bolt               Conj/Pois      ##........   92%         5    ###....
 Shadow Creatures         Summ           N/A          100%        6    #####..
 Orb of Destruction       Conj           ##........   100%        7    ######.
 Spellforged Servitor     Conj/Summ      ##........   100%        7    ######.


Dungeon Overview and Level Annotations

Branches:
Dungeon (12/15)            Temple (1/1) D:4            Lair (4/6) D:9
    Orc (2/2) D:10            Elf (0/3) Orc:2
  Swamp: Lair:2-4    Shoals: Lair:2-4     Snake: Lair:2-4    Spider: Lair:2-4

Altars:
Ashenzari
Cheibriados
Elyvilon
Fedhas
Gozag
Kikubaaqudgha
Okawaru
Sif Muna
Vehumet
Wu Jian
Xom
Yredelemnul
Zin
Beogh

Shops:
D:9 !   Orc:1 !   Orc:2 [=*

Annotations:
D:2 1 runed translucent door
D:4 3 runed translucent doors, DEFE's ghost, amateur GnAs; MisterFreud's ghost, amateur DrTm
D:6 3 runed translucent doors, Ijustatesigmund's ghost, novice OpFi


Innate Abilities, Weirdness & Mutations

You cannot wear most types of armour.
You are very stealthy in the water. (Stealth+)
You are amphibious.
You can wear up to eight rings at the same time.
You can use your tentacles to constrict eight enemies at once.
Your skin changes colour to match your surroundings (Stealth+).
Your rubbery body absorbs attacks. (AC +1, EV +1)


Message History

Cheibriados appreciates the change of pace.
You kill the orc priest!
Cheibriados appreciates the change of pace.
You kill the orc sorcerer!
Cheibriados appreciates the change of pace.
The smoke demon disappears in a puff of smoke!
The orange demon disappears in a puff of smoke!
You kill the orc warrior!
Cheibriados appreciates the change of pace.
You kill the warg!
Cheibriados thoroughly appreciates the change of pace.
Training target 10.0 for Earth Magic reached!
Your Earth Magic skill increases to level 10!
You need to enable at least one skill for training.
You kill the orc!
Cheibriados appreciates the change of pace.
You feel somewhat more hungry.
An orc comes into view. It is wielding a +0 short sword.
The troll bites you!
You die...

##
##.....................##.
.#
##....................####
.# #......##########.....#
# ## ##.##.## ###..## #
.## #.....# ##..# # ..#
##.#..#.#### #..## # .##
#.......#)8##+###+##
##..### .#
##....8.))..)T.§.T..
#..#.# ##
##....))..)@)§8).†) #.....
.## #....8.'....)..)))o
#.#... ..#
#....#..#.8##+###o##
#.##.. ..##....###.####
..##.. .####..# #..
#..###. ## #.. ##. ..## #.
## . ..# #. ## #


You could see 2 trolls, an orc wizard and an orc.

Vanquished Creatures
  Rupert (Orc:2)
  An orc warlord (Orc:2)
  A fire dragon (Lair:3)
  Fannar (D:10)
  2 two-headed ogres
  2 unseen horrors
  4 orc sorcerers
  An oklob plant (Lair:1)
  2 ugly things (D:11)
  Joseph (D:7)
  4 spiny frogs
  3 komodo dragons
  A queen bee (D:8)
  2 meliai
  4 trolls
  Grinder (D:6)
  3 hippogriffs
  20 yaks
  A wyvern (D:9)
  A basilisk (Lair:1)
  A steam dragon (D:11)
  6 wargs
  Menkaure (D:6)
  2 hungry ghosts
  An acid dragon (D:11)
  5 water moccasins
  3 porcupines
  Duvessa (D:7)
  16 ogres
  2 ice beasts (D:9)
  36 orc warriors
  5 sky beasts
  A phantom (D:10)
  3 black bears
  4 centaurs
  4 crocodiles
  2 big kobolds
  14 bullfrogs
  A gnoll sergeant (D:7)
  2 scorpions
  Dowan (D:7)
  12 wights
  20 killer bees
  2 howler monkeys
  2 electric eels (Lair:1)
  5 crimson imps
  2 centaur zombies
  4 hounds
  2 quasits
  A bullfrog zombie (D:7)
  Crazy Yiuf (D:5)
  2 bullfrog skeletons
  2 centaur skeletons
  19 orc priests
  21 orc wizards
  3 iguanas
  Ijyb (D:3)
  A human skeleton (D:2)
  8 worker ants
  A hound skeleton (D:5)
  A howler monkey zombie (D:8)
  10 gnolls
  14 adders
  3 shadow imps
  3 oozes
  2 adder zombies
  3 worms
  3 dart slugs
  5 leopard geckos
  94 orcs
  5 giant cockroaches
  8 goblins
  4 hobgoblins
  16 jackals
  5 quokkas
  A ball python (D:4)
  6 bats
  5 frilled lizards
  A goblin skeleton (D:2)
  A jackal zombie (D:5)
  16 kobolds
  A quokka skeleton (D:9)
  6 rats
  A bush (Lair:1)
  A fungus (Lair:1)
491 creatures vanquished.

Vanquished Creatures (others)
  4 fungi (D:9)
  3 plants (Lair:4)
7 creatures vanquished.

Grand Total: 498 creatures vanquished

Notes
Turn   | Place    | Note
-------+----------+-------------------------------------------
     0 | D:1      | MisterFreud the Octopode Transmuter began the quest for the
                  | Orb.
     0 | D:1      | Reached XP level 1. HP: 13/13 MP: 3/3
   272 | D:1      | Reached XP level 2. HP: 8/18 MP: 5/5
   671 | D:1      | Reached XP level 3. HP: 21/23 MP: 6/6
   691 | D:1      | You fall through a shaft!
  1455 | D:2      | Noticed a centaur
  1466 | D:2      | Killed a centaur
  1466 | D:2      | Reached XP level 4. HP: 23/28 MP: 6/8
  1466 | D:2      | Reached XP level 5. HP: 27/33 MP: 6/9
  1518 | D:1      | Learned a level 2 spell: Sticks to Snakes
  1593 | D:2      | Found a runed translucent door.
  1593 | D:2      | Noticed a human
  1618 | D:2      | Learned a level 3 spell: Spider Form
  1719 | D:2      | Found a basalt altar of Yredelemnul.
  2433 | D:3      | Noticed Ijyb
  2487 | D:3      | Found a shattered altar of Ashenzari.
  2631 | D:3      | Killed Ijyb
  2631 | D:3      | Reached skill level 5 in Transmutations
  2631 | D:3      | Reached XP level 6. HP: 30/38 MP: 8/11
  2640 | D:3      | Learned a level 5 spell: Blade Hands
  3773 | D:4      | Reached XP level 7. HP: 37/43 MP: 13/13
  4106 | D:4      | Found a blossoming altar of Fedhas.
  4155 | D:4      | Found a staircase to the Ecumenical Temple.
  4156 | D:4      | Found a runed translucent gate.
  4157 | D:4      | Found a runed translucent gate.
  4165 | Temple   | Entered the Ecumenical Temple
  4180 | Temple   | Became a worshipper of Cheibriados the Contemplative
  4285 | D:4      | Found a runed translucent gate.
  4285 | D:4      | Noticed MisterFreud's ghost (amateur DrTm)
  4286 | D:4      | Noticed DEFE's ghost (amateur GnAs)
  4752 | D:5      | Entered Level 5 of the Dungeon
  4759 | D:5      | Reached skill level 5 in Unarmed Combat
  5391 | D:5      | Found a runed translucent door.
  5392 | D:5      | Noticed Crazy Yiuf
  5568 | D:5      | Reached XP level 8. HP: 20/48 MP: 10/14
  5754 | D:5      | Reached * piety under Cheibriados
  6257 | D:5      | Killed Crazy Yiuf
  6312 | D:6      | Noticed Grinder
  6323 | D:6      | Killed Grinder
  6323 | D:6      | Reached skill level 5 in Dodging
  6987 | D:6      | Noticed Ijustatesigmund's ghost (novice OpFi)
  6997 | D:6      | Found a runed translucent gate.
  6997 | D:6      | Found a runed translucent gate.
  6999 | D:6      | Found a runed translucent gate.
  7019 | D:6      | Reached XP level 9. HP: 53/53 MP: 15/15
  7219 | D:6      | Found a shimmering altar of Xom.
  7229 | D:6      | Found a shimmering altar of Xom.
  7230 | D:6      | Found a shimmering altar of Xom.
  7401 | D:6      | Noticed Menkaure
  7413 | D:6      | Killed Menkaure
  7413 | D:6      | Reached ** piety under Cheibriados
  7633 | D:7      | Noticed Dowan
  7647 | D:7      | Killed Dowan
  7648 | D:7      | Noticed Duvessa
  7769 | D:7      | Killed Duvessa
  7926 | D:7      | Noticed Joseph
  8381 | D:7      | Killed Joseph
  8672 | D:7      | Reached skill level 10 in Dodging
  8947 | D:8      | Reached *** piety under Cheibriados
  9034 | D:8      | Reached XP level 10. HP: 36/58 MP: 17/17
  9200 | D:8      | Reached skill level 5 in Spellcasting
  9380 | D:9      | Reached **** piety under Cheibriados
  9557 | D:9      | Noticed a two-headed ogre
  9564 | D:9      | Killed a two-headed ogre
  9873 | D:9      | Reached skill level 1 in Invocations
  9962 | D:9      | Found Pioty's Distillery.
  9971 | D:9      | Bought a potion of heal wounds for 75 gold pieces
  9971 | D:9      | Bought a potion of heal wounds for 75 gold pieces
  9971 | D:9      | Bought a potion of might for 60 gold pieces
  9991 | D:8      | Identified Neumoyja's Volume of Companions and Earth
 10084 | D:8      | Reached XP level 11. HP: 50/63 MP: 20/20
 10308 | D:8      | Reached skill level 5 in Invocations
 10686 | D:9      | Found a staircase to the Lair.
 10735 | D:9      | Reached ***** piety under Cheibriados
 10950 | D:9      | Reached skill level 10 in Transmutations
 11161 | D:10     | Entered Level 10 of the Dungeon
 11216 | Lair:1   | Entered Level 1 of the Lair of Beasts
 12000 | Lair:1   | Noticed an oklob plant
 12995 | Lair:3   | Reached skill level 5 in Fighting
 13196 | Lair:3   | Noticed a fire dragon
 13209 | Lair:3   | Killed a fire dragon
 13209 | Lair:3   | Reached XP level 12. HP: 19/79 MP: 21/21
 14335 | Lair:4   | Noticed a seven-headed hydra
 15032 | D:10     | Noticed Fannar
 15033 | D:10     | Reached skill level 1 in Shields
 15045 | D:10     | Killed Fannar
 15608 | D:10     | Reached skill level 10 in Unarmed Combat
 15832 | D:10     | Found a staircase to the Orcish Mines.
 15977 | D:10     | Learned a level 2 spell: Passwall
 16006 | D:10     | Reached ****** piety under Cheibriados
 16523 | D:11     | Found a deep blue altar of Sif Muna.
 16694 | D:11     | Learned a level 6 spell: Iron Shot
 16927 | D:11     | Got a crude wooden ring
 16928 | D:11     | Identified the ring of Scepticism {rF+ MR+ Int+2 SInv} (You
                  | found it on level 11 of the Dungeon)
 17326 | D:11     | Reached skill level 1 in Earth Magic
 17813 | Orc:1    | Entered Level 1 of the Orcish Mines
 18150 | Orc:1    | Reached skill level 5 in Earth Magic
 18150 | Orc:1    | Reached XP level 13. HP: 83/83 MP: 25/25
 18168 | Orc:1    | Found Niubre's Distillery.
 18196 | Orc:1    | Bought a potion of heal wounds for 60 gold pieces
 18196 | Orc:1    | Bought a potion of heal wounds for 60 gold pieces
 18196 | Orc:1    | Bought a potion of heal wounds for 60 gold pieces
 18196 | Orc:1    | Bought a potion of heal wounds for 60 gold pieces
 18196 | Orc:1    | Bought a potion of heal wounds for 60 gold pieces
 18196 | Orc:1    | Bought a potion of lignification for 36 gold pieces
 18196 | Orc:1    | Bought a potion of curing for 36 gold pieces
 18392 | Orc:2    | Entered Level 2 of the Orcish Mines
 18456 | Orc:2    | Found a roughly hewn altar of Beogh.
 18495 | Orc:2    | Found a staircase to the Elven Halls.
 18547 | Orc:2    | Found Juenwef's Mass Market.
 18585 | Orc:2    | Noticed an orc warlord
 18594 | Orc:2    | Killed an orc warlord
 18718 | Orc:2    | Found a roughly hewn altar of Beogh.
 18753 | Orc:2    | Found a roughly hewn altar of Beogh.
 18757 | Orc:2    | Found Kom Omug's Jewellery Boutique.
 18875 | Orc:2    | Noticed Rupert
 18885 | Orc:2    | Killed Rupert
 19133 | Orc:2    | Found a roughly hewn altar of Beogh.
 19134 | Orc:2    | Found Sawnycvi's Armour Emporium.
 19173 | Orc:2    | Found a roughly hewn altar of Beogh.
 19210 | Orc:2    | Found a roughly hewn altar of Beogh.
 19309 | Orc:2    | Reached skill level 10 in Earth Magic
 19309 | Orc:2    | Slain by a troll

Levels and vault maps discovered:
D:1:      tarquinn_simple_flora_water_a, layout_rooms, minmay_split_cup_small
D:2:      layout_loops_ring, dk_yredelemnul_ordeal
D:3:      layout_rooms, serial_bayou, serial_bayou_pond_a, serial_bayou_shore_a,
          serial_bayou_crossing, serial_bayou_pond_c,
          cheibrodos_ashenzari_chains, uniq_ijyb
D:4:      layout_cave_pools, lemuel_crystal_altar, minmay_temple_entry_glass,
          gammafunk_ghost_cemetery, serial_rivers,
          chequers_serial_rivers_room_b, chequers_serial_rivers_small_3,
          chequers_serial_rivers_marsh, chequers_serial_rivers_micro_c,
          chequers_serial_rivers_micro_b, chequers_serial_rivers_micro_e
D:5:      layout_loops_corners, first_ration, chequers_arboretum,
          uniq_crazy_yiuf_cottage
D:6:      layout_basic, gammafunk_ghost_split, kennysheep_crisscross,
          serial_bayou_pond_c, minivault_23, xom_redecorated, uniq_menkaure,
          uniq_grinder
D:7:      layout_basic, feat_on_display, uniq_joseph, uniq_duvessa
D:8:      layout_loops_ring, david_nohive_1, lemuel_statue_altar
D:9:      layout_basic, grunt_lair_entry_orc_guard_hut, serial_shops,
          nicolae_shop_crystal
D:10:     layout_loops_ring, david_orc_4, uniq_fannar
D:11:     layout_stronghold, basic_altar, minmay_misc_feat_square, minivault_5
D:12:     regret_index_combs_of_tragedy, layout_loops_ring, portal_ice_cave_rime
Temple:   nicolae_temple_the_god_donut
Lair:1:   layout_hall_layers, serial_forest, infiniplex_forest_clump_small,
          infiniplex_forest_split, infiniplex_forest_lined_1,
          infiniplex_forest_clump_small, infiniplex_forest_end_double,
          infiniplex_forest_straight_2, infiniplex_forest_lined_3_way,
          infiniplex_forest_straight_2, infiniplex_forest_straight_2,
          minmay_lair_oklob_items, dpeg_stationary_puzzle
Lair:2:   layout_chaotic_city
Lair:3:   dragon1_lemuel, layout_regular_city
Lair:4:   wad_woods_04, layout_gridlike, elwin_shoals_entry_rooms,
          lemuel_old_faithful, lemuel_fruit_tree
Orc:1:    layout_diamond_mine, serial_shops, nicolae_shop_waterfront
Orc:2:    grunt_orc_community_town_hall, layout_caves,
          grunt_orc_community_big_house_1, grunt_orc_community_big_house_1,
          grunt_orc_community_house_2, grunt_orc_community_house_3,
          grunt_orc_community_house_2, grunt_orc_community_house_1, basic_altar,
          minmay_shop_mass, uniq_rupert

Skill      XL: |  1  2  3  4  5  6  7  8  9 10 11 12 13 |
---------------+----------------------------------------+-----
Transmutations | 3 4 5 6 9 10 | 10.0
Spellcasting   | 3 4 6 8 |  8.1
Unarmed Combat | 6 8 10 | 10.0
Dodging        | 6 10 | 10.0
Invocations    | 4 6 |  6.0
Fighting       | 6 |  6.0
Shields        | 4 |  4.0
Earth Magic    | 5 10 | 10.0

Action                   |  1- 3 |  4- 6 |  7- 9 | 10-12 | 13-15 || total
-------------------------+-------+-------+-------+-------+-------++-------
Melee: Unarmed           |    76 |   150 |   335 |   478 |   111 ||  1150
       Constrict         |    20 |    27 |    18 |    65 |    25 ||   155
       Tentacles         |    12 |    22 |    17 |   138 |    37 ||   226
       Punch             |       |     2 |     4 |    44 |     7 ||    57
 Cast: Spider Form       |       |     8 |    27 |     6 |       ||    41
       Blade Hands       |       |       |       |    66 |    12 ||    78
Invok: Slouch            |       |       |       |     1 |     5 ||     6
 Abil: End Transformatio |       |     1 |       |       |       ||     1
Evoke: Wand              |       |       |       |     3 |       ||     3
  Use: Potion            |     3 |       |     1 |     6 |     1 ||    11
       Scroll            |       |    10 |     7 |    10 |       ||    27
 Stab: Sleeping          |     2 |     2 |     2 |     6 |     1 ||    13
  Eat: Chunk             |     1 |     8 |    15 |    25 |     4 ||    53
       Ration            |       |       |       |     1 |       ||     1
Armor: Skin              |     8 |     7 |     8 |     9 |     2 ||    34
Dodge: Dodged            |    63 |    95 |   330 |   427 |    96 ||  1011
Block: Buckler           |       |       |       |     9 |     9 ||    18

Table legend:
 A = Non-vault XP
 B = Vault XP
 C = Vault XP percentage of total XP
 D = Non-vault monster count
 E = Vault monster count
 F = Vault count percentage of total count
                 A         B        C        D         E       F
            +---------+---------+-------+---------+---------+-------
      Total |   31695 |   13741 |  30.2 |     384 |     105 |  21.5
            +---------+---------+-------+---------+---------+-------
        D:1 |      46 |       4 |   8.0 |      20 |       3 |  13.0
        D:2 |     209 |      36 |  14.7 |      29 |       2 |   6.5
        D:3 |      71 |      38 |  34.9 |      14 |       1 |   6.7
        D:4 |     535 |       0 |   0.0 |      20 |       0 |   0.0
        D:5 |     550 |      41 |   6.9 |      17 |       1 |   5.6
        D:6 |     828 |     458 |  35.6 |      24 |       2 |   7.7
        D:7 |     758 |     684 |  47.4 |      20 |       3 |  13.0
        D:8 |    1041 |    1335 |  56.2 |      25 |      17 |  40.5
        D:9 |    5682 |     444 |   7.2 |      45 |       4 |   8.2
       D:10 |    2898 |    1792 |  38.2 |      29 |      15 |  34.1
       D:11 |    3296 |     286 |   8.0 |      23 |       2 |   8.0
       D:12 |     988 |     324 |  24.7 |      10 |       1 |   9.1
     Lair:1 |    2310 |     690 |  23.0 |      12 |       3 |  20.0
     Lair:2 |    1611 |       0 |   0.0 |       6 |       0 |   0.0
     Lair:3 |    1706 |    1065 |  38.4 |      10 |       1 |   9.1
     Lair:4 |    1009 |       0 |   0.0 |       4 |       0 |   0.0
      Orc:1 |    2641 |       0 |   0.0 |      38 |       0 |   0.0
      Orc:2 |    5516 |    6544 |  54.3 |      38 |      50 |  56.8
            +---------+---------+-------+---------+---------+-------
